 Dungeon Crawl Stone Soup version 0.27.0-1-g7a08968 (webtiles) character file.

Game seed: 9437971089373719424

10 Syrenshards the Shield-Bearer (level 2, 24/24 HPs)
             Began as a Formicid Fighter on Sept 23, 2021.
             Quit the game on level 1 of the Dungeon on Sept 28, 2021.
             The game lasted 00:03:53 (381 turns).

Syrenshards the Shield-Bearer (Formicid Fighter)     Turns: 381, Time: 00:03:53

Health: 24/24      AC:  6    Str: 20    XL:     2   Next: 30%
Magic:  2/2        EV:  8    Int:  7    God:
Gold:   14         SH:  9    Dex: 10    Spells: 1/1 levels left

rFire    . . .     SeeInvis +   a - +0 war axe
rCold    . . .     Faith    .   c - +0 kite shield
rNeg     . . .     Spirit   .   b - +0 scale mail
rPois    .         Reflect  .   (helmet unavailable)
rElec    .         Harm     .   (no cloak)
rCorr    .         Rampage  .   (no gloves)
Will     .....                  (no boots)
Stlth    ..........             (no amulet)
HPRegen  0.08/turn              (no ring)
MPRegen  0.08/turn              (no ring)

@: no status effects
A: permanent stasis, dig shafts and tunnels, antennae 3, four strong arms
a: Dig, Shaft Self


You were on level 1 of the Dungeon.
You visited 1 branch of the dungeon, and saw 1 of its levels.

You collected 14 gold pieces.

Inventory:

Hand Weapons
 a - a +0 war axe (weapon)
Armour
 b - a +0 scale mail (worn)
 c - a +0 kite shield (worn)
Potions
 d - a potion of might
 e - a potion of haste {unknown}


   Skills:
 + Level 3.4 Fighting
 + Level 2.1 Axes
 + Level 3.5 Armour
 + Level 3.8 Shields


You had one spell level left.
You didn't know any spells.
Your spell library was empty.

Dungeon Overview and Level Annotations

Branches:
Dungeon (1/15)

Altars:

Shops:
D:1 [![:


Innate Abilities, Weirdness & Mutations

You cannot be hasted, slowed, berserked, paralysed or teleported.
You can dig through walls and to a lower floor.
You have a pair of large antennae on your head. (SInv)
Your four strong arms can wield two-handed weapons with a shield.


Message History

Your scale mail prevents you from hitting the giant cockroach.
The giant cockroach barely misses you.
You slash the giant cockroach!
You kill the giant cockroach!
No target in view!
You sense a monster nearby.
A bat comes into view.
You barely miss the bat. You block the bat's attack.
The bat hits you but does no damage.
You barely miss the bat. You block the bat's attack.
The bat hits you but does no damage. You block the bat's attack.
You block the bat's attack. The bat hits you but does no damage.
You hit the bat but do no damage. The bat closely misses you.
You block the bat's attack.
You barely miss the bat. The bat barely misses you. The bat closely misses you.
You slash the bat!
You kill the bat!
No target in view!
No target in view!
No target in view!
Found 17 stones.
You see here 17 stones.
Found Toemikee's Book Emporium.
There is an entrance to Toemikee's Book Emporium here.
You can access your shopping list by pressing '$'.
Welcome back, Syrenshards the Formicid Fighter.
Press ? for a list of commands and other information.
You don't know any spells.
Unknown command.
You don't know any spells.
Unknown command.
You aren't carrying any pieces of jewellery.
Unknown command.
Are you sure you want to abandon this character and quit the game? (Confirm with "yes".)
Okay, then.
You swing at nothing.
There's something in the way.
Unknown command.
Are you sure you want to abandon this character and quit the game? (Confirm with "yes".)

##############
#............# #####
#......#####.# ##...#
#....^..####.####.....#
#.......#......(..##..###
#.......#.##.###.###....#
##.###.......###....∩?..#
#.# ##...#####@.....####
#.# ##### #.###..# #.#
#.. #..# ###.##
#############.# .....#
#....># #.# .....#
#.....# #.# .....#
#.....# #.#####
.....####.....# ......#
†....##.......# ##...# ##


There were no monsters in sight!

Vanquished Creatures
  2 ball pythons (D:1)
  An endoplasm (D:1)
  2 giant cockroaches (D:1)
  A quokka (D:1)
  2 bats (D:1)
  A rat (D:1)
9 creatures vanquished.

Notes
Turn   | Place    | Note
-------+----------+-------------------------------------------
     0 | D:1      | Syrenshards the Formicid Fighter began the quest for the
                  | Orb.
     0 | D:1      | Reached XP level 1. HP: 18/18 MP: 1/1
    72 | D:1      | Found Hualea's Armour Emporium.
   183 | D:1      | Found Kius's Armour Emporium.
   229 | D:1      | Found Okiesy's Distillery.
   235 | D:1      | Reached XP level 2. HP: 20/24 MP: 2/2
   370 | D:1      | Found Toemikee's Book Emporium.
   381 | D:1      | Quit the game

Illustrated notes

Levels and vault maps discovered:
D:1:      minmay_arrival_five_plusses, layout_loops_cross, serial_shops,
          nicolae_lakefront_shop, nicolae_square_shop, nicolae_diamond_shop,
          nicolae_square_shop, nicolae_shop_statue_plus

Action                   || total
-------------------------++-------
Melee: War axe           ||    27
 Abil: Dig               ||     8
Armor: Scale mail        ||    17
Dodge: Dodged            ||     8
Block: Kite shield       ||    17
